Map: Dusk Towers

Players

진키르아

  • Race: Terran Terran
  • League: Platinum

ILLBdA - Winner!

  • Race: Zerg Zerg
  • League: Diamond

VOD

Have the link to the VOD?

Description

Time

  • Played on: Dec. 11, 2015, 10:25 a.m.
  • Length: 20:16
Show
View Real Time Build Order
Export as new Build Order

진키르아 Terran 

Build Orders: Liberator Opening 

Get SALT Encoding   

  12  0:01  SCV  
  13  0:13  SCV  
  14  0:18  Supply Depot  
  14  0:25  SCV  
  15  0:39  SCV  
  15  0:40  Barracks  
  16  0:49  Refinery  
  16  0:53  SCV  
  16  0:54  Refinery  
  17  1:06  SCV  
  18  1:19  SCV  
  19  1:27  Reaper  
  19  1:28  Supply Depot  
  19  1:32  Orbital Command  
  20  1:47  Factory  
  20  1:58  SCV  
  21  2:05  Supply Depot  
  21  2:11  SCV  
  22  2:15  Barracks Reactor  
  22  2:23  SCV  
  23  2:47  Command Center, Factory Reactor  
  23  2:55  Marine  
  23  2:56  Marine  
  24  3:03  SCV  
  24  3:04  Starport  
  25  3:15  SCV  
  25  3:17  Supply Depot  
  25  3:19  Marine x2  
  28  3:25  Hellion x2, Liberator  
  32  3:33  SCV  
  33  3:37  Marine x2  
  33  3:40  Supply Depot  
  38  3:58  Marine x2  
  38  4:00  Hellion x2  
  44  4:05  SCV  
  45  4:10  Refinery, Engineering Bay  
  45  4:20  Barracks  
  45  4:22  SCV  
  46  4:27  Orbital Command  
  46  4:34  Marine  
  46  4:36  Starport Reactor  
  39  4:50  SCV  
  39  4:51  Marine  
  39  4:52  Marine  
  40  4:55  Factory Tech Lab  
  39  5:09  Marine  
  39  5:10  Barracks Tech Lab, Marine  
  31  5:15  Medivac x2  
  27  5:26  Marine  
  27  5:27  Marine  
  26  5:34  SCV  
  20  5:45  Marauder  
  20  5:46  SCV  
  21  5:56  Marine x2  
  23  5:58  SCV  
  23  6:10  SCV  
  15  6:18  Marine  
  15  6:22  Marine  
  15  6:23  SCV  
  15  6:24  SCV  
Show
View Real Time Build Order
Export as new Build Order

ILLBdA Zerg - Winner!

Build Orders: Hatch First 

Get SALT Encoding   

  12  0:01  Drone  
  13  0:12  Overlord  
  13  0:17  Drone  
  14  0:22  Extractor  
  14  0:23  Drone  
  15  0:32  Drone  
  15  0:34  Drone  
  17  0:55  Hatchery, Drone  
  17  0:59  Extractor  
  16  1:13  Spawning Pool  
  16  1:14  Drone  
  16  1:18  Drone  
  16  1:22  Drone  
  18  1:28  Drone  
  19  1:39  Overlord  
  19  1:56  Drone  
  19  2:00  Queen  
  22  2:02  Metabolic Boost  
  22  2:06  Queen  
  24  2:08  Drone  
  24  2:15  Drone x2  
  27  2:26  Drone x2  
  29  2:30  Extractor  
  29  2:35  Spore Crawler  
  29  2:36  Spore Crawler  
  28  3:00  Drone x6  
  28  3:01  Roach Warren  
  33  3:10  Overlord  
  33  3:13  Drone x3  
  36  3:24  Overlord x2  
  44  3:41  Roach x4  
  44  3:48  Roach x4  
  52  3:51  Overlord  
  52  4:02  Ravager x3  
  55  4:07  Ravager  
  56  4:13  Roach  
  56  4:14  Roach  
  60  4:21  Roach  
  60  4:22  Roach  
  60  4:23  Overlord  
  64  4:25  Drone x2  
  64  4:26  Drone x2  
  64  4:29  Extractor  
  64  4:31  Spore Crawler  
  66  4:32  Spore Crawler  
  59  4:47  Lair  
  59  4:50  Spore Crawler  
  59  4:51  Roach x2  
  62  4:57  Roach  
  64  5:09  Roach x3  
  69  5:17  Roach  
  69  5:19  Roach  
  64  5:29  Roach  
  64  5:33  Roach x2  
  67  5:41  Roach x2  
  69  5:45  Roach  
  69  5:48  Drone x2  
  69  5:49  Drone x3  
  74  6:10  Roach  
  76  6:12  Overlord x2  
  76  6:13  Overlord  
  76  6:17  Roach  
  74  6:20  Roach  
  76  6:41  Overlord  
  76  6:42  Overlord x3  
  76  6:44  Ravager x3  
  76  6:51  Ravager  
  76  6:54  Drone x3  
  76  7:06  Hatchery  
  76  7:08  Roach x4  
  76  7:09  Roach  
  76  7:17  Drone x4  
  76  7:28  Ravager  
  76  7:29  Ravager  
  76  7:31  Drone x2  
  76  7:34  Extractor  
  76  7:35  Drone  
  76  7:42  Drone  
  76  7:46  Drone, Extractor x2  
  76  7:48  Overlord  
  76  7:49  Overlord  
  76  7:50  Drone x2  
  76  7:55  Ravager  
  76  7:56  Ravager  
  76  7:57  Drone  
  76  7:58  Drone  
  76  8:03  Drone  
  76  8:04  Drone x2  
  76  8:08  Drone  
  76  8:23  Drone x6  
  76  8:30  Hatchery, Extractor  
  76  8:32  Extractor  
  76  8:35  Ravager x2  
  76  8:36  Ravager x3  
  76  8:38  Drone x7  
  76  8:44  Queen  
  76  8:55  Drone x4  
  76  9:26  Ravager x10  
  76  9:33  Drone  
  76  9:34  Drone x12  
  76  9:50  Drone x4  
  76  9:53  Extractor  
  76  9:54  Hatchery  
  76  9:59  Extractor  
  76  11:21  Drone x6  
  76  11:22  Drone x10  
  76  11:50  Hatchery, Extractor  
  76  11:53  Extractor  
  76  11:57  Drone x2  
  76  11:58  Drone  
  76  12:02  Drone x2  
  76  12:03  Drone  
  76  12:05  Drone  
  76  12:06  Drone x8  
  76  12:10  Drone x3  
  76  12:18  Drone x2  
  76  12:26  Overseer x7  
  76  12:27  Overseer x2  
  76  12:29  Pneumatized Carapace  
  76  12:37  Drone x14  
  76  12:48  Extractor  
  76  12:49  Hatchery  
  76  12:52  Drone x8  
  76  12:54  Extractor  
  76  13:31  Roach x10  
  76  13:32  Roach  
  76  13:34  Overlord x12  
  76  13:53  Roach  
  76  13:54  Roach x10  
  76  14:06  Roach x6  
  76  14:07  Roach  
  76  14:08  Drone  
  76  14:10  Overseer  
  76  14:11  Overseer x3  
  76  14:26  Evolution Chamber  
  76  16:13  Hatchery, Extractor  
  76  16:15  Extractor  
  76  16:44  Drone x4  
  76  17:00  Spine Crawler  
  76  17:01  Spine Crawler x2  
  76  17:02  Spine Crawler x3  
  76  17:03  Spine Crawler x2  
  76  17:05  Spine Crawler  
  76  17:07  Spine Crawler  
  76  17:08  Spine Crawler  
  76  17:09  Spine Crawler  
  76  17:10  Spine Crawler  
  76  17:18  Spine Crawler  
  76  17:24  Spine Crawler  
  76  17:29  Spine Crawler  
  76  17:30  Spine Crawler x2  
  76  17:32  Spine Crawler  
  76  17:33  Spine Crawler  
  76  17:35  Spine Crawler  
  76  17:36  Spine Crawler  
  76  17:37  Spine Crawler  
  76  17:40  Spine Crawler  
  76  17:43  Spine Crawler  
  76  17:46  Spine Crawler  
  76  17:48  Spine Crawler  
  76  18:03  Spine Crawler x2  
  76  18:05  Spine Crawler x2  
  76  18:06  Spine Crawler  
  76  18:07  Spine Crawler x4  
  76  18:08  Spine Crawler x4  
  76  18:09  Spine Crawler  
  76  18:10  Spine Crawler x3  
  76  18:13  Spine Crawler  
  76  18:14  Spine Crawler  
  76  18:16  Spine Crawler x3  
  76  18:17  Spine Crawler x2  
  76  18:18  Spine Crawler  
  76  18:19  Spine Crawler  
  76  18:22  Spine Crawler  
  76  18:24  Spine Crawler x3  
  76  18:30  Spine Crawler  
  76  18:33  Spine Crawler  
  76  18:39  Spine Crawler  
  76  18:40  Spine Crawler  
  76  18:41  Spine Crawler  
  76  18:42  Spine Crawler x5  
  76  18:44  Spine Crawler x6  
  76  18:45  Spine Crawler x2  
  76  18:46  Spine Crawler  
  76  18:47  Spine Crawler x3  
  76  18:48  Spine Crawler  
  76  18:50  Spine Crawler x2  
  76  18:52  Spine Crawler  
  76  18:56  Spine Crawler  
  76  18:57  Spine Crawler  
  76  18:59  Spine Crawler  
  76  19:11  Spine Crawler x2  
  76  19:12  Spine Crawler  
  76  19:19  Spine Crawler x3  
  76  19:20  Spine Crawler  
  76  19:21  Spine Crawler x2  
  76  19:22  Spine Crawler x3  
  76  19:23  Spine Crawler  
  76  19:24  Spine Crawler x3  
  76  19:25  Spine Crawler  
  76  19:26  Spine Crawler  
  76  19:27  Spine Crawler x2  
  76  19:28  Spine Crawler  
  76  19:32  Spine Crawler  
  76  19:35  Spine Crawler  
  76  19:41  Roach x20  
  76  19:42  Roach x14  
Tags
 
Add a new tag
Caveats
  • Supply blocks, unpowered buildings, or Contaminate may cause inaccurate times.
  • Supply counts are checked every 10 seconds.